 Dungeon Crawl Stone Soup version 0.30.1-9-gdf580d7c3d (webtiles) character file.

Game seed: 14750851008001457536

1068 KittyFluff the Cudgeller (level 8, 0/49 HPs)
             Began as a Gargoyle Berserker on Oct 14, 2023.
             Was a Priest of Trog.
             Slain by a gnoll sergeant
             ... wielding a +0 spear
              (3 damage)
             ... on level 5 of the Dungeon.
             The game lasted 00:15:51 (4390 turns).

KittyFluff the Cudgeller (Gargoyle Berserker)       Turns: 4390, Time: 00:15:52

Health: 0/49       AC: 10    Str: 23    XL:     8   Next: 28%
Magic:  8/8        EV: 17    Int:  8    God:    Trog [***...]
Gold:   358        SH:  5    Dex:  9    Spells: 7/7 levels left

rFire   + . .        a - +0 mace
rCold   . . .        (no shield)
rNeg    + . .        l - +1 leather armour of the Original Sin {rPois rF+}
rPois   ∞            (no helmet)
rElec   +            (no cloak)
rCorr   .            (no gloves)
SInv    .            (no boots)
Will    .....        p - amulet of reflection
Stlth   +            i - +5 ring of evasion
HPRegen 0.28/turn    (no ring)
MPRegen 0.11/turn

%: reflection
@: studying Maces & Flails
A: sickness immunity, AC +5, negative energy resistance 1, electricity
resistance, torment resistance 1, petrification resistance
a: Renounce Religion, Berserk, Trog's Hand


You were on level 5 of the Dungeon.
You worshipped Trog.
Trog was most pleased with you.
You visited 1 branch of the dungeon, and saw 5 of its levels.

You collected 358 gold pieces.

Inventory:

Hand Weapons
 a - a +0 mace (weapon)
 n - a +0 sling
Armour
 l - the +1 leather armour of the Original Sin (worn) {rPois rF+}
   (You took it off a goblin on level 2 of the Dungeon)

   rF:        It protects you from fire.
   rPois:     It protects you from poison.
 t - the +0 ring mail "Sexzeag" {rN+++ Str-3 Int+4 Dex-4}
   (You found it on level 3 of the Dungeon)

   Str:       It affects your strength (-3).
   Int:       It affects your intelligence (+4).
   Dex:       It affects your dexterity (-4).
   rN:        It renders you almost immune to negative energy.
Jewellery
 i - a +5 ring of evasion (left hand)
 p - an amulet of reflection (around neck)
Wands
 q - a wand of polymorph (10)
 r - a wand of iceblast (14)
 y - a wand of mindburst (11)
Scrolls
 c - 4 scrolls of blinking {unknown}
 e - 3 scrolls of amnesia {unknown}
 o - a scroll of silence {unknown}
 v - 3 scrolls of identify {unknown}
 w - a scroll of poison {unknown}
Potions
 b - a potion of mutation {unknown}
 d - 2 potions of heal wounds {unknown}
 f - 2 potions of lignification {unknown}
 g - 3 potions of might {unknown}
 h - 2 potions of cancellation {unknown}
 j - a potion of haste {unknown}
 k - 2 potions of brilliance {unknown}
 m - 5 potions of curing {unknown}
 s - 2 potions of ambrosia {unknown}
 u - a potion of berserk rage {unknown}
 x - a potion of flight {unknown}


   Skills:
 + Level 5.2 Fighting
 * Level 7.1 Maces & Flails
 * Level 6.4 Armour
 + Level 3.4 Dodging


You had 7 spell levels left.
You didn't know any spells.
Your spell library was empty.

Dungeon Overview and Level Annotations

Branches:
Dungeon (5/15)
 Temple: D:4-7

Altars:
Gozag

Shops:
D:1 ?


Innate Abilities, Weirdness & Mutations

You are immune to sickness and miasma.
Your stone body is resilient. (AC +5)
You are immune to poison.
You resist negative energy. (rN+)
You are resistant to electric shocks. (rElec)
You are resistant to unholy torment.
You are immune to petrification.


Message History

You barely miss the gnoll sergeant.
The gnoll sergeant is lightly wounded.
The gnoll sergeant hits you with a +0 spear!
You sock the gnoll sergeant!
The gnoll sergeant is heavily wounded.
You block the gnoll sergeant's attack.
You barely miss the gnoll sergeant.
The gnoll sergeant is heavily wounded.
The gnoll sergeant closely misses you.
You hit the gnoll sergeant but do no damage.
The gnoll sergeant is heavily wounded.
The gnoll sergeant hits you but does no damage.
You hit the gnoll sergeant but do no damage.
The gnoll sergeant is heavily wounded.
The gnoll sergeant hits you but does no damage.
You barely miss the gnoll sergeant.
The gnoll sergeant is heavily wounded.
The gnoll sergeant hits you but does no damage.
You hit the gnoll sergeant.
The gnoll sergeant is severely wounded.
The gnoll sergeant hits you with a +0 spear.
The gnoll sergeant blocks your attack.
The gnoll sergeant is severely wounded.
You block the gnoll sergeant's attack.
You hit the gnoll sergeant but do no damage.
The gnoll sergeant is severely wounded.
The gnoll sergeant hits you with a +0 spear.
The gnoll sergeant hits you with a +0 spear.
You thump the gnoll sergeant!
The gnoll sergeant is almost dead.
The gnoll sergeant hits you with a +0 spear!
* * * LOW HITPOINT WARNING * * *
The gnoll sergeant blocks your attack.
The gnoll sergeant is almost dead.
The gnoll sergeant hits you with a +0 spear!
* * * LOW HITPOINT WARNING * * *
You hit the gnoll sergeant but do no damage.
The gnoll sergeant is almost dead.
The gnoll sergeant hits you with a +0 spear.
You die...

#........# #..........#
#........# ######.....#
#........# #.....#
#........# #.....#
###################..##..
#####..........# #
..##.########.# #.##.#
).# #@##.# ### #g)..#
######


You could see a gnoll sergeant.

Vanquished Creatures
  2 black bears
  3 ogres (D:5)
  A phantom (D:5)
  A scorpion (D:5)
  A jelly (D:5)
  3 orc priests
  4 hounds
  Jessica (D:2)
  2 gnolls (D:5)
  9 adders
  A white imp (D:5)
  3 worms
  5 dart slugs
  17 orcs
  6 endoplasms
  13 goblins
  11 hobgoblins
  5 kobolds
  2 quokkas (D:2)
  11 ball pythons
  4 bats
  4 frilled lizards
  A quokka zombie (D:4)
  5 rats
  A rat zombie (D:4)
116 creatures vanquished.

Notes
Turn   | Place    | Note
-------+----------+-------------------------------------------
     0 | D:1      | KittyFluff the Gargoyle Berserker began the quest for the
                  | Orb.
     0 | D:1      | Reached XP level 1. HP: 14/14 MP: 1/1
   113 | D:1      | Found Mekhouhi's Magic Scroll Boutique.
   305 | D:1      | Reached XP level 2. HP: 11/19 MP: 2/2
   767 | D:1      | Reached XP level 3. HP: 22/23 MP: 3/3
  1056 | D:2      | Identified the +1 leather armour of the Original Sin {rPois
                  | rF+}
  1187 | D:2      | Reached ** piety under Trog
  1289 | D:2      | Noticed Jessica
  1306 | D:2      | Killed Jessica
  1307 | D:2      | Reached XP level 4. HP: 20/29 MP: 4/4
  1639 | D:2      | Reached skill level 4 in Maces & Flails
  2067 | D:3      | Reached XP level 5. HP: 33/33 MP: 5/5
  2138 | D:3      | You fall into a shaft and drop 2 floors!
  2138 | D:5      | Entered Level 5 of the Dungeon
  2193 | D:4      | Noticed a black bear
  2193 | D:4      | Found an opulent altar of Gozag.
  2211 | D:3      | Killed a black bear
  2212 | D:3      | Reached XP level 6. HP: 8/38 MP: 6/6
  2438 | D:3      | Identified the +0 ring mail "Sexzeag" {rN+++ Str-3 Int+4
                  | Dex-4}
  2997 | D:4      | Reached *** piety under Trog
  3029 | D:4      | Noticed a black bear
  3051 | D:4      | Killed a black bear
  3052 | D:4      | Reached skill level 5 in Maces & Flails
  3052 | D:4      | Reached XP level 7. HP: 3/44 MP: 7/7
  3068 | D:4      | HP: 2/44 [hound (2)]
  3071 | D:4      | Reached skill level 5 in Armour
  3577 | D:5      | Identified the +6 spear "Ifocodi" {drain, Will++ Stlth+}
  3900 | D:5      | Reached skill level 6 in Maces & Flails
  4079 | D:5      | Reached skill level 5 in Fighting
  4093 | D:5      | Reached XP level 8. HP: 49/49 MP: 8/8
  4249 | D:5      | Reached skill level 7 in Maces & Flails
  4390 | D:5      | Slain by a gnoll sergeant

Illustrated notes

Levels and vault maps discovered:
D:1:      lightli_arrival_flooded_house, layout_loops_corners, serial_shops,
          nicolae_shop_trees, minmay_misc_feat_encased
D:2:      layout_loops_ring, uniq_jessica
D:3:      cheibrodos_greedy_goblins, layout_basic, reono_crystal_passage,
          minmay_diced_spiral
D:4:      layout_layer_cave, nicolae_gozag_seed_capital, enter_ossuary_4,
          minmay_manual_moon
D:5:      layout_basic

Skill      XL: |  1  2  3  4  5  6  7  8 |
---------------+-------------------------+-----
Armour         | 3 4 6 |  6.4
Dodging        | 2 3 |  3.4
Maces & Flails | 4 5 6 7 |  7.1
Fighting       | 4 5 |  5.2

Action                     |  1- 3 |  4- 6 |  7- 9 || total
---------------------------+-------+-------+-------++-------
  Melee: Mace              |    95 |   199 |   152 ||   446
         Punch             |       |     1 |     3 ||     4
 Invoke: Berserk           |       |     3 |       ||     3
 Armour: Animal skin       |    27 |       |       ||    27
         Leather armour    |     3 |    57 |    22 ||    82
  Dodge: Dodged            |    80 |   173 |    99 ||   352
  Block: Other             |       |    40 |    37 ||    77
         Reflection        |       |     1 |       ||     1
